 Dungeon Crawl Stone Soup version 0.27-a0-1301-g128193abf8 (webtiles) character file.

Game seed: 17306122682607651253

74 Sobieck the Chopper (level 4, 0/40 HPs)
             Began as a Hill Orc Abyssal Knight on June 17, 2021.
             Was a Believer of Lugonu.
             Succumbed to an adder's poison
             ... on level 4 of the Dungeon.
             The game lasted 00:06:09 (2368 turns).

Sobieck the Chopper (Hill Orc Abyssal Knight)       Turns: 2368, Time: 00:06:10

Health: 0/40       AC:  8    Str: 14 (15) XL:     4   Next: 30%
Magic:  7/7        EV:  6    Int: 12      God:    Lugonu [**....]
Gold:   101        SH:  0    Dex: 10      Spells: 3/3 levels left

rFire    . . .     SeeInvis .   a - +1 hand axe {axe}
rCold    . . .     Faith    .   (no shield)
rNeg     . . .     Spirit   .   l - +0 chain mail
rPois    .         Reflect  .   (no helmet)
rElec    .         Harm     .   (no cloak)
rCorr    .         Rampage  .   (no gloves)
Will     .....                  (no boots)
Stlth    ..........             (no amulet)
HPRegen  0.13/turn              (no ring)
MPRegen  0.10/turn              (no ring)

@: lethally poisoned (0 -> -1)
A: no striking features
a: Renounce Religion, Depart the Abyss, Bend Space


You were on level 4 of the Dungeon.
You worshipped Lugonu.
Lugonu was pleased with you.
You visited 1 branch of the dungeon, and saw 4 of its levels.
You visited the Abyss 1 time.

You collected 101 gold pieces.


   Skills:
 - Level 4.0 Fighting
 + Level 4.4 Axes
 - Level 2.1 Armour
 - Level 0.7 Dodging
 + Level 4.2 Invocations


You had 3 spell levels left.
You didn't know any spells.
Your spell library was empty.

Inventory:

Hand Weapons
 a - a +1 hand axe (weapon) {axe}
Missiles
 d - 36 stones (quivered) {throwing}
 g - 30 bolts
 h - 34 arrows
 j - 33 sling bullets
Armour
 b - a +0 leather armour
 i - a +0 ring mail
   (You found it on level 1 of the Dungeon)
 l - a +0 chain mail (worn)
   (You found it on level 2 of the Dungeon)
Scrolls
 c - a scroll of teleportation {unknown}
 e - a scroll of enchant armour {unknown}
 f - 2 scrolls of acquirement {unknown}

Dungeon Overview and Level Annotations

Branches:
Dungeon (4/15)
 Temple: D:4-7

Altars:

#....# ...
#....# ##..
#....# ...
#....# #..
#....### #..
#...... #..
#...#
#..#####...#
#.....(<.@.#
##.#####...#
#. #...# #.
#...# #.
#...# #$
#...# #.
#...# #.
#...#


There were no monsters in sight!


Message History

You start resting.
An adder is nearby! 😱 HP[+1]
The adder hisses angrily.
Okay, then.
Cleave: a) +1 hand axe {axe}
Press: ? - help, Dir - move target, f - you
Okay, then.
You aren't carrying any items that you can evoke.
Okay, then.
Throw: 37 stones {throwing}
Press: ? - help, Q - select action, (/) - cycle Shift-Dir - straight line, f - adder
Aim: an adder (35% to hit)
You throw a stone {throwing}. The stone {throwing} hits the adder.
It was a potion of heal wounds.
You feel much better. The adder barely misses you. 😕 HP[+21]
You regained 21 hp, and now have 31/40 hp.
You closely miss the adder.
The adder bites you but does no damage. 😕 MP[+1]
You miss the adder.
The adder bites you but does no damage. x2
You hit the adder. The adder bites you.
You are poisoned.
The adder poisons you! 😮 HP[-3]
You take 3 damage, and now have 28/40 hp.
You hit the adder.
You feel sick. The adder bites you. 😮 HP[-2]
You take 2 damage, and now have 26/40 hp.
You hit the adder.
You feel sick. The adder closely misses you.
The adder bites you but does no damage. 😮 HP[-2]
You take 2 damage, and now have 24/40 hp.
Unknown command.
You hit the adder but do no damage.
You feel sick. The adder bites you.
* * * LOW HITPOINT WARNING * * *
😨 HP[-5]
You take 5 damage, and now have 19/40 hp.
Unknown command.
You hit the adder but do no damage.
You feel sick. The adder bites you.
* * * LOW HITPOINT WARNING * * *
You are more poisoned.
The adder poisons you!
The adder bites you but does no damage. 😨 HP[-4]
You take 4 damage, and now have 15/40 hp.
You closely miss the adder.
You feel sick.
The adder bites you but does no damage. 😨 HP[-2]
You take 2 damage, and now have 13/40 hp.
Unknown command.
You hit the adder but do no damage.
You feel sick. The adder bites you.
* * * LOW HITPOINT WARNING * * *
The adder barely misses you. 😨 HP[-2]
You take 2 damage, and now have 11/40 hp.
Unknown command.
You closely miss the adder.
You feel sick.
The adder closely misses you. 😱 HP[-1] MP[+1]
You take 1 damage, and now have 10/40 hp.
Your mp is fully restored (7).
Unknown command.
You closely miss the adder.
You feel sick.
The adder bites you but does no damage. x2
You hit the adder.
You feel sick. The adder bites you.
* * * LOW HITPOINT WARNING * * *
You are lethally poisoned!
The adder poisons you! 😱 HP[-3]
You take 3 damage, and now have 7/40 hp.
You hit the adder.
You kill the adder!
Lugonu accepts your kill.
* * * LOW HITPOINT WARNING * * *
You feel sick.
You feel your intelligence returning. 😱 HP[-2]
You take 2 damage, and now have 5/40 hp.
Unknown command.
* * * LOW HITPOINT WARNING * * *
You feel sick. 😱 HP[-1]
You take 1 damage, and now have 4/40 hp.
* * * LOW HITPOINT WARNING * * *
You feel sick. 😱 HP[-1]
You take 1 damage, and now have 3/40 hp.
* * * LOW HITPOINT WARNING * * *
You feel sick.
You see here a stone {throwing}. 😱 HP[-1]
You take 1 damage, and now have 2/40 hp.
* * * LOW HITPOINT WARNING * * *
You feel sick.
There is a stone staircase leading up here. 😱 HP[-1]
You take 1 damage, and now have 1/40 hp.
* * * LOW HITPOINT WARNING * * *
You feel sick.
Unknown command.
You die...

Skill      XL: |  1  2  3 |
---------------+----------+-----
Axes           | 3 4 |  4.4
Invocations    | 3 4 |  4.2
Fighting       | 4 |  4.0
Armour         | |  2.1
Dodging        | |  0.7

Action                   |  1- 3 |  4- 6 || total
-------------------------+-------+-------++-------
Melee: Hand axe          |   103 |    13 ||   116
Throw: Stone             |    34 |     1 ||    35
  Use: Potion            |     3 |     1 ||     4
Armor: Leather armour    |     5 |       ||     5
       Ring mail         |    19 |       ||    19
       Chain mail        |     2 |     8 ||    10
Dodge: Dodged            |    52 |     4 ||    56

Levels and vault maps discovered:
D:1:      minmay_arrival_open_corners, layout_loops_ring
D:2:      wander_river, layout_loops_ring, dilly_ecumenical_altar_fadedgnrine
D:3:      layout_basic, gammafunk_ghost_mausoleum, serial_shops,
          nicolae_shop_waterfront, serial_park_tiny_pond
D:4:      layout_basic

Notes
Turn   | Place    | Note
-------+----------+-------------------------------------------
     0 | Abyss:1  | Sobieck the Hill Orc Abyssal Knight began the quest for the
                  | Orb.
     0 | Abyss:1  | Reached XP level 1. HP: 19/19 MP: 2/2
     0 | Abyss:1  | magus.rc [v1.9.6]
    50 | Abyss:1  | Found a corrupted altar of Lugonu.
    80 | D:1      | You pass through the gate.
    80 | D:1      | Escaped the Abyss
   329 | D:1      | Reached skill level 3 in Axes
   387 | D:1      | Reached XP level 2. HP: 27/27 MP: 4/4
   646 | D:1      | Reached skill level 3 in Invocations
   709 | D:1      | Reached skill level 4 in Fighting
  1257 | D:2      | Reached XP level 3. HP: 31/33 MP: 5/5
  1356 | D:2      | Reached ** piety under Lugonu
  2105 | D:2      | Found a faded altar of an unknown god.
  2193 | D:3      | Noticed a centaur
  2339 | D:4      | HP: 7/33 [iguana (7)]
  2341 | D:4      | Reached skill level 4 in Axes
  2341 | D:4      | Reached skill level 4 in Invocations
  2341 | D:4      | Reached XP level 4. HP: 9/40 MP: 5/7
  2359 | D:4      | HP: 10/40 [poisoned by an adder]
  2363 | D:4      | HP: 4/40 [poisoned by an adder]
  2366 | D:4      | HP: 1/40 [poisoned by an adder]
  2368 | D:4      | Succumbed to an adder's poison

Vanquished Creatures
  An iguana (D:4)
  An adder (D:4)
  2 worms (D:2)
  2 dart slugs
  2 bats (D:1)
  4 endoplasms
  2 giant cockroaches (D:1)
  A goblin (D:1)
  3 hobgoblins
  2 quokkas
  2 ball pythons
  2 frilled lizards
  5 kobolds
  2 rats (D:1)
31 creatures vanquished.

Table legend:
 A = Non-vault XP
 B = Vault XP
 C = Vault XP percentage of total XP
 D = Non-vault monster count
 E = Vault monster count
 F = Vault count percentage of total count
                 A         B        C        D         E       F
            +---------+---------+-------+---------+---------+-------
      Total |     107 |       0 |   0.0 |      31 |       0 |   0.0
            +---------+---------+-------+---------+---------+-------
        D:1 |      31 |       0 |   0.0 |      18 |       0 |   0.0
        D:2 |      23 |       0 |   0.0 |       8 |       0 |   0.0
        D:3 |       5 |       0 |   0.0 |       3 |       0 |   0.0
        D:4 |      48 |       0 |   0.0 |       2 |       0 |   0.0
            +---------+---------+-------+---------+---------+-------

Illustrated notes

Table legend:
 A = Kills in this place as a percentage of kills in entire the game.
 B = Kills by you in this place as a percentage of kills by you in the entire game.
 C = Kills by friends in this place as a percentage of kills by friends in the entire game.
 D = Other kills in this place as a percentage of other kills in the entire game.
 E = Experience gained in this place as a percentage of experience gained in the entire game.
 F = Experience gained in this place divided by the number of levels of this place that you have seen.
                   A       B       C       D       E      F
               +-------+-------+-------+-------+-------+----------------------
         Total | 100.0 | 100.0 |   N/A |   N/A | 100.0 |  21.4
       Dungeon | 100.0 | 100.0 |   N/A |   N/A | 100.0 |  26.8
               +-------+-------+-------+-------+-------+----------------------

Table legend: (Time is in decaauts)
 A = Elapsed time spent in this place.
 B = Non-inter-level travel time spent in this place.
 C = Inter-level travel time spent in this place.
 D = Time resting spent in this place.
 E = Time spent auto-exploring this place.
 F = Levels seen in this place.
 G = Mean time per level.
                   A        B        C        D        E       F      G
               +--------+--------+--------+--------+--------+-----+--------+
         Total |   2411 |   2270 |    141 |    475 |   1407 |   5 |  482.2 |
       Dungeon |   2331 |   2190 |    141 |    475 |   1395 |   4 |  582.8 |
         Abyss |     80 |     80 |      0 |      0 |     12 |   1 |   80.0 |
               +--------+--------+--------+--------+--------+-----+--------+

Top non-repeatable levels by time:
     D:1: 1162 daAuts
     D:2: 950 daAuts
     D:4: 175 daAuts
 Abyss:1: 80 daAuts
     D:3: 42 daAuts
